nht, chaotic female elven Wizard .-- ...|. ...... ...-.--- .......| |.---h--- |.| |.@G- |.| ---).. |.-- .. |).| -...--- .----- --....| |...|.-- ---....- .....^.| ......... .......| .......... ......- .......>... ----- .^...).... ...--...- - --.- - nht the Thaumaturge Experience level: 6 Strength: 10 Dexterity: 15 Constitution: 13 Intelligence: 20 Wisdom: 10 Charisma: 10 Health: 0(30) Energy: 60(68) Def: 1 Gold: 218 Moves: 1037 Dungeon seed: vnSgyKuroC2LCVjR Game ID: nht_1432188870 Your Inventory: Coins $ - 218 gold pieces Weapons a - a blessed +1 quarterstaff (weapon in hands) Armor e - an uncursed +0 cloak of magic resistance (being worn) Scrolls j - an uncursed scroll of light k - an uncursed scroll of magic mapping A - an uncursed scroll of food detection C - a cursed scroll of enchant weapon I - a cursed scroll of remove curse P - a blessed scroll of teleportation Q - a cursed scroll of remove curse S - an uncursed scroll of stinking cloud Spellbooks m - a blessed spellbook of magic missile n - an uncursed spellbook of sleep w - a blessed spellbook of blank paper Potions f - an uncursed potion of extra healing g - an uncursed potion of healing z - a cursed potion of invisibility G - an uncursed potion of water T - an uncursed potion of gain level Rings c - an uncursed ring of shock resistance d - an uncursed ring of slow digestion B - an uncursed +1 ring of adornment J - a cursed -1 ring of increase accuracy Wands b - a wand of probing (0:4) Tools i - an uncursed oil lamp (lit) (0:867) o - a magic marker (0:33) p - an uncursed wooden harp s - an uncursed partly used wax candle (0:19) v - an uncursed skeleton key x - a +0 pick-axe L - 4 blessed tallow candles (0:200) M - 4 uncursed tallow candles (0:200) U - an uncursed lock pick Gems q - an uncursed chrysoberyl stone r - 3 uncursed worthless pieces of white glass N - an uncursed worthless piece of yellow glass Spells known in the end: Name Level Category Fail Memory a - force bolt 1 attack 0% 95% b - magic missile 2 attack 0% 95% c - sleep 1 enchantment 0% 95% d - detect monsters 1 divination 0% 97% Your skills at the end: Fighting Skills Weapon Skills quarterstaff [Basic] Spellcasting Skills attack spells [Basic] enchantment spells [Basic] Final Attributes: You were devoutly aligned. You were sleep resistant. You were magic-protected. You had infravision. You were lucky. You are dead. Vanquished creatures: a gnome king a dust vortex 5 gnome lords 2 gnomish wizards 8 dwarves an acid blob a yellow mold 22 gnomes a gecko a jackal a goblin 3 kobold zombies 2 newts 49 creatures vanquished. Voluntary challenges: You were vegetarian. You used a wielded weapon 89 times, starting on turn 27. You read items or engraved 3 times, starting on turn 267. You never genocided any monsters. You never polymorphed an object. You never changed form. You used no wishes. You never split a pudding. You never wrote Elbereth's name. You violated your moral code, losing 2 points of alignment, starting on turn 808. You disabled loading bones files. Dungeon overview: The Dungeons of Doom: levels 1 to 4 Level 1 a long staircase Level 2 Level 3 an altar to Anhur, a fountain Level 4 stairs to The Gnomish Mines The Gnomish Mines: levels 5 to 9 Level 5 stairs to The Dungeons of Doom Level 6 Level 7 <- You were here Level 8 many shops, a temple to Anhur, some fountains Level 9 History has recorded: On T:1 you entered the Dungeons of Doom to retrieve the Amulet of Yendor! On T:73 you reached level 2 of The Dungeons of Doom. On T:153 you reached level 3 of The Dungeons of Doom. On T:314 you reached level 4 of The Dungeons of Doom. On T:363 you reached level 1 of The Gnomish Mines. On T:367 you advanced to experience level 2. On T:392 you advanced to experience level 3. On T:454 you advanced to experience level 4. On T:525 you reached level 2 of The Gnomish Mines. On T:557 you advanced to experience level 5. On T:663 you reached level 3 of The Gnomish Mines. On T:690 you reached level 4 of The Gnomish Mines. On T:754 you advanced to experience level 6. On T:839 you reached level 5 of The Gnomish Mines. Score breakdown: Gold: 218 ( 7961 points) Experience: 6 levels (12456 points) Exploration: 9 levels ( 18.00%) (12121 points) Discoveries: 4 items ( 1.44%) ( 3605 points) Valuables value: (no points given unless you survive) Artifact value: 0 ( 0 points) Variety of kills: 13 monsters ( 3.43%) ( 5556 points) Time penalty: 1037 turns ( 0 points) Survival: died (score multiplied by 80%) Total score: 33359 Latest messages: You drop 16 uncursed arrows. You sold 16 uncursed arrows for 16 gold pieces. You drop an uncursed hooded cloak. An uncursed dwarvish cloak; you sold it for 30 gold pieces. You drop a dwarvish cloak. You sold a dwarvish cloak for 30 gold pieces. You drop an uncursed scroll labeled LEP GEX VEN ZEA. You drop an uncursed scroll labeled PRIRUTSENIE. You drop a spellbook called shin4 (unpaid, 533 zorkmids). You drop an uncursed potion of oil. You sold an uncursed potion of oil for 125 gold pieces. You drop an uncursed wire ring. You hit the gnome lord. The hobbit thrusts her elven dagger. The hobbit hits! You die... Final status: Goodbye nht the Wizard, killed by a hobbit... You died in The Gnomish Mines on dungeon level 7 with 33359 points, and 218 pieces of gold, after 1037 moves. You were level 6 with a maximum of 30 hit points when you died.